 Dungeon Crawl Stone Soup version 0.30-a0-728-gc68057be0a (webtiles) character file.

Game seed: 933938847119325930

79 zinnoa the Grasshopper (level 4, 0/38 HPs)
             Began as a Gnoll Warper on Jan 30, 2023.
             Slain by an iguana (1 damage)
             ... on level 3 of the Dungeon.
             The game lasted 00:06:32 (2207 turns).

zinnoa the Grasshopper (Gnoll Warper)               Turns: 2207, Time: 00:06:33

Health: 0/38       AC:  5    Str: 12    XL:     4   Next: 38%
Magic:  11/11      EV: 11    Int: 18    God:
Gold:   139        SH:  0    Dex: 12    Spells: 13/13 levels left

rFire   + . .      SeeInvis .    m - +0 spear
rCold   + . .      Faith    .    (no shield)
rNeg    + . .      Spirit   .    n - +0 ring mail
rPois   .          Reflect  .    (no helmet)
rElec   .          Harm     .    f - scarf {rC+ rF+}
rCorr   .          Rampage  .    (no gloves)
Will    .....                    (no boots)
Stlth   +                        (no amulet)
HPRegen 0.26/turn                t - +6 ring of intelligence
MPRegen 0.12/turn                r - ring of positive energy

@: no status effects
A: fangs 1, strong nose, distributed training
a: no special abilities


You were on level 3 of the Dungeon.
You visited 1 branch of the dungeon, and saw 3 of its levels.

You collected 139 gold pieces.

Inventory:

Hand Weapons
 a - a +0 hand axe
 m - a +0 spear (weapon)
Missiles
 d - 7 boomerangs of dispersal (quivered)
Armour
 b - a +0 leather armour
 f - a scarf of resistance (worn)
 h - a +0 chain mail
 n - a +0 ring mail (worn)
Jewellery
 j - an amulet of guardian spirit
 r - a ring of positive energy (right hand)
 t - a +6 ring of intelligence (left hand)
Scrolls
 c - a scroll of blinking
 e - a scroll of identify {unknown}
 k - a scroll of magic mapping {unknown}
 p - a scroll of enchant armour {unknown}
 s - a scroll of teleportation {unknown}
 u - a scroll of enchant weapon {unknown}
Potions
 g - 3 potions of heal wounds {unknown}
 i - a potion of flight {unknown}
 l - 2 potions of ambrosia {unknown}
 o - 2 potions of degeneration {unknown}
 q - a potion of cancellation {unknown}


   Skills:
 + Level 4.6 Fighting
 + Level 1.2 Short Blades
 + Level 1.2 Long Blades
 + Level 4.6 Axes
 + Level 1.2 Maces & Flails
 + Level 1.2 Polearms
 + Level 1.2 Staves
 + Level 1.2 Ranged Weapons
 + Level 2.8 Throwing
 + Level 2.8 Armour
 + Level 4.6 Dodging
 + Level 1.2 Stealth
 + Level 1.2 Shields
 + Level 1.2 Unarmed Combat
 + Level 5.1 Spellcasting
 + Level 1.0 Conjurations
 + Level 1.0 Hexes
 + Level 1.0 Summonings
 + Level 1.0 Necromancy
 + Level 5.5 Translocations
 + Level 1.0 Transmutations
 + Level 1.0 Fire Magic
 + Level 1.0 Ice Magic
 + Level 1.0 Air Magic
 + Level 1.0 Earth Magic
 + Level 1.0 Poison Magic
 + Level 1.3 Invocations
 + Level 1.2 Evocations


You had 13 spell levels left.
You didn't know any spells.
Your spell library contained the following spells:

 Spells                   Type           Power      Damage    Failure   Level
 Blink                    Tloc           48%        N/A       4%          2
 Lesser Beckoning         Tloc           48%        N/A       4%          2
 Teleport Other           Tloc           24%        N/A       9%          3
 Beastly Appendage        Tmut           16%        N/A       19%         1
 Foxfire                  Conj/Fire      32%        2x1d5     19%         1
 Portal Projectile        Hex/Tloc       32%        N/A       22%         3
 Vhi's Electric Charge    Tloc/Air       32%        N/A       22%         3
 Wereblood                Tmut           8%         N/A       28%         2
 Manifold Assault         Tloc           24%        N/A       30%         4
 Call Canine Familiar     Summ           8%         N/A       50%         3
 Ozocubu's Armour         Ice            8%         N/A       50%         3
 Spider Form              Tmut/Pois      8%         N/A       50%         3
 Leda's Liquefaction      Hex/Erth       4%         N/A       88%         4
 Alistair's Intoxication  Tmut/Pois      5%         N/A       99%         5
 Borgnjor's Vile Clutch   Necr/Erth      4%         N/A       99%         5
 Fireball                 Conj/Fire      4%         3d4       99%         5
 Metabolic Englaciation   Hex/Ice        4%         N/A       99%         5
 Eringya's Noxious Bog    Tmut/Pois      4%         N/A       100%        6
 Simulacrum               Ice/Necr       4%         N/A       100%        6
 Starburst                Conj/Fire      4%         6d3       100%        6


Dungeon Overview and Level Annotations

Branches:
Dungeon (3/15)

Altars:

Shops:
D:1 ?(*


Innate Abilities, Weirdness & Mutations

You have very sharp teeth.
Your uncanny sense of smell can sniff out nearby items.
Your experience applies equally to all skills.


Message History

The iguana barely misses you.
You barely miss the iguana. You bite the iguana, but do no damage.
The iguana is moderately wounded.
The iguana closely misses you.
You barely miss the iguana.
The iguana is moderately wounded.
The iguana closely misses you.
You hit the iguana but do no damage. You punch the iguana, but do no damage.
The iguana is moderately wounded.
The iguana completely misses you.
You hit the iguana but do no damage. Your bite misses the iguana.
The iguana is moderately wounded.
The iguana bites you.
You barely miss the iguana.
The iguana is moderately wounded.
The iguana bites you.
You are too injured to fight recklessly!
You are too injured to fight recklessly!
You are too injured to fight recklessly!
You are too injured to fight recklessly!
You are too injured to fight recklessly!
You hit the iguana. Your bite misses the iguana.
The iguana is moderately wounded.
The iguana bites you but does no damage.
You hit the iguana. Your bite misses the iguana.
The iguana is heavily wounded.
The iguana bites you!
* * * LOW HITPOINT WARNING * * *
You hit the iguana.
The iguana is almost dead.
The iguana bites you.
* * * LOW HITPOINT WARNING * * *
You are too injured to fight recklessly!
Press: ? - help, v - describe, . - travel The floor.
You barely miss the iguana.
The iguana is almost dead.
The iguana hisses menacingly.
The iguana bites you.
You die...

#..##
##..#...#..#....
#.>.###.............#
##.#.#.#..#.#.##.##.#
#†##.##..#...†>.# ∆
#.#####..###<####
#........###†###
########.#.....#
#.#.....# #@#.....#
#l#.....# #.#.....# ∆
#.####### ..# ### ∆


You could see an iguana.

Vanquished Creatures
  Jessica (D:2)
  5 ball pythons
  3 bats
  4 endoplasms
  3 giant cockroaches
  8 goblins
  8 hobgoblins
  2 quokkas
  A frilled lizard (D:2)
  4 kobolds
  7 rats
46 creatures vanquished.

Notes
Turn   | Place    | Note
-------+----------+-------------------------------------------
     0 | D:1      | zinnoa the Gnoll Warper began the quest for the Orb.
     0 | D:1      | Reached XP level 1. HP: 20/20 MP: 6/6
   238 | D:1      | Found Isimecut's Magic Scroll Shop.
   346 | D:1      | Reached XP level 2. HP: 21/26 MP: 7/7
   394 | D:1      | Found Vemuwele's Weapon Shoppe.
   562 | D:1      | Found Watwit's General Store.
  1028 | D:2      | Reached skill level 5 in Spellcasting
  1028 | D:2      | Reached XP level 3. HP: 28/31 MP: 7/9
  1223 | D:2      | Identified the +7 short sword "Naegas" {pain, rN+ Dex+3}
  1299 | D:2      | Noticed Jessica
  1313 | D:2      | Killed Jessica
  1314 | D:2      | Reached skill level 1 in Short Blades
  1314 | D:2      | Reached skill level 1 in Long Blades
  1314 | D:2      | Reached skill level 1 in Maces & Flails
  1314 | D:2      | Reached skill level 1 in Polearms
  1314 | D:2      | Reached skill level 1 in Staves
  1314 | D:2      | Reached skill level 1 in Ranged Weapons
  1314 | D:2      | Reached skill level 1 in Stealth
  1314 | D:2      | Reached skill level 1 in Shields
  1314 | D:2      | Reached skill level 1 in Unarmed Combat
  1314 | D:2      | Reached skill level 1 in Invocations
  1314 | D:2      | Reached skill level 1 in Evocations
  1322 | D:2      | Reached XP level 4. HP: 17/38 MP: 11/11
  2133 | D:3      | Reached skill level 1 in Conjurations
  2133 | D:3      | Reached skill level 1 in Hexes
  2133 | D:3      | Reached skill level 1 in Summonings
  2133 | D:3      | Reached skill level 1 in Necromancy
  2133 | D:3      | Reached skill level 1 in Transmutations
  2133 | D:3      | Reached skill level 1 in Fire Magic
  2133 | D:3      | Reached skill level 1 in Ice Magic
  2133 | D:3      | Reached skill level 1 in Air Magic
  2133 | D:3      | Reached skill level 1 in Earth Magic
  2133 | D:3      | Reached skill level 1 in Poison Magic
  2206 | D:3      | HP: 1/38 [iguana (4)]
  2207 | D:3      | Slain by an iguana

Illustrated notes

Levels and vault maps discovered:
D:1:      elethiomel_arrival_shortcut, layout_basic, serial_shops, shop, shop,
          nicolae_shop_crystal, minmay_unequal
D:2:      layout_loops_corners, minmay_quantized, uniq_jessica
D:3:      layout_loops_cross, general_overflow_altar, uniq_terence

Skill      XL: |  1  2  3  4 |
---------------+-------------+-----
Spellcasting   | 5 |  5.1
Short Blades   | 1 |  1.2
Long Blades    | 1 |  1.2
Maces & Flails | 1 |  1.2
Polearms       | 1 |  1.2
Staves         | 1 |  1.2
Ranged Weapons | 1 |  1.2
Stealth        | 1 |  1.2
Shields        | 1 |  1.2
Unarmed Combat | 1 |  1.2
Invocations    | 1 |  1.3
Evocations     | 1 |  1.2
Conjurations   | 1 |  1.0
Hexes          | 1 |  1.0
Summonings     | 1 |  1.0
Necromancy     | 1 |  1.0
Transmutations | 1 |  1.0
Fire Magic     | 1 |  1.0
Ice Magic      | 1 |  1.0
Air Magic      | 1 |  1.0
Earth Magic    | 1 |  1.0
Poison Magic   | 1 |  1.0
Fighting       | |  4.6
Axes           | |  4.6
Throwing       | |  2.8
Armour         | |  2.8
Dodging        | |  4.6
Translocations | |  5.5

Action                     |  1- 3 |  4- 6 || total
---------------------------+-------+-------++-------
  Melee: Hand axe          |    51 |       ||    51
         Bite              |    15 |     6 ||    21
         Punch             |     2 |     2 ||     4
         Spear             |    43 |   106 ||   149
   Stab: Sleeping          |     1 |       ||     1
 Armour: Leather armour    |    16 |       ||    16
         Ring mail         |     8 |    30 ||    38
  Dodge: Dodged            |    65 |    54 ||   119

Table legend: (Time is in decaauts)
 A = Elapsed time spent in this place.
 B = Non-inter-level travel time spent in this place.
 C = Inter-level travel time spent in this place.
 D = Time resting spent in this place.
 E = Time spent auto-exploring this place.
 F = Levels seen in this place.
 G = Mean time per level.
                   A        B        C        D        E       F      G
               +--------+--------+--------+--------+--------+-----+--------+
         Total |   2217 |   1928 |    289 |     74 |   1399 |   3 |  739.0 |
       Dungeon |   2217 |   1928 |    289 |     74 |   1399 |   3 |  739.0 |
               +--------+--------+--------+--------+--------+-----+--------+

Top non-repeatable levels by time:
     D:2: 1111 daAuts
     D:1: 1017 daAuts
     D:3: 87 daAuts
